 Dungeon Crawl Stone Soup version 0.21.1-1-g345015f (webtiles) character file.

193 Fang the Skirmisher (level 5, 0/34 HPs)
             Began as a Gargoyle Berserker on May 10, 2018.
             Was a Believer of Trog.
             Slain by Sigmund
             ... wielding a +0 scythe
              (6 damage)
             ... on level 3 of the Dungeon.
             The game lasted 00:03:55 (2048 turns).

Fang the Skirmisher (Gargoyle Berserker)            Turns: 2048, Time: 00:03:55

Health: 0/34       AC:  6    Str: 22    XL:     5   Next: 72%
Magic:  5/5        EV: 12    Int:  7    God:    Trog [**....]
Gold:   83         SH:  0    Dex:  9    Spells: 4/4 levels left

rFire    + . .     SeeInvis .   a - +0 hand axe
rCold    . . .     Gourm    .   (no shield)
rNeg     + . .     Faith    .   b - +0 animal skin
rPois    ∞         Spirit   .   (no helmet)
rElec    +         Reflect  .   (no cloak)
rCorr    .         Harm     .   (no gloves)
MR       .....                  (no boots)
Stlth    +.........             l - amulet of regeneration
HPRegen  0.51/turn              k - ring of protection from fire
MPRegen  0.09/turn              (no ring)

@: berserk cooldown, slowed, very slow
A: negative energy resistance 1, electricity resistance, unbreathing,
petrification resistance, rot immunity, AC +4
a: Berserk, Trog's Hand, Burn Spellbooks, Renounce Religion


You were on level 3 of the Dungeon.
You worshipped Trog.
Trog was pleased with you.
You were hungry.

You visited 1 branch of the dungeon, and saw 3 of its levels.

You collected 83 gold pieces.

Inventory:

Hand Weapons
 a - a +0 hand axe (weapon)
Armour
 b - a +0 animal skin (worn)
 o - a +2 pair of boots
Jewellery
 k - a ring of protection from fire (left hand)
 l - an amulet of regeneration (around neck)
Wands
 m - a wand of scattershot (4)
Scrolls
 f - 2 scrolls of identify {unknown}
 g - 2 scrolls of blinking {unknown}
 h - 3 scrolls of enchant armour {unknown}
 n - a scroll of magic mapping {unknown}
Potions
 d - 3 potions of curing {unknown}
 e - 3 potions of invisibility {unknown}
 i - 2 potions of mutation {unknown}
 j - 2 potions of degeneration {unknown}
Comestibles
 c - 3 rations


   Skills:
 + Level 4.5 Fighting
 + Level 4.1 Axes
 + Level 2.3 Armour
 + Level 2.6 Dodging
 + Level 1.0 Stealth


You had 4 spell levels left.
You didn't know any spells.

Dungeon Overview and Level Annotations

Branches:
Dungeon (3/15)

Altars:

Annotations:
D:3 2 transporters, Sigmund


Innate Abilities, Weirdness & Mutations

You are resistant to torment.
Your stone body is resilient. (AC +4)
You are immune to poison.
You resist negative energy. (rN+)
You are resistant to electric shocks. (rElec)
You can survive without breathing.
You are immune to petrification.
You are immune to rotting.


Message History

You hear some strange, mumbled words.
A magic dart appears from out of thin air!
The magic dart hits you!
You miss something. You closely miss something.
You hear some strange, mumbled words.
Something tries to affect you, but you resist.
You miss something. Something hits you!
* * * LOW HITPOINT WARNING * * *
You miss something. You barely miss something. Something hits you!
* * * LOW HITPOINT WARNING * * *
You miss something.
You are no longer berserk.
You are exhausted.
You feel yourself slow down.
You closely miss something. Something hits you.
* * * LOW HITPOINT WARNING * * *
You closely miss something. Something hits you.
You die...

.....##.....
###..#....###. #
P8#........... . .
.P#..#........ .## ..
###..#.#......# ..####.#
≈.#).#.######...#
#$.....
≈.#)............. ...@
≈.#)...........#####.#
≈.#............?@{...#
≈o#.............#(.#.#
≈5#.............##...)#
≈5#.............#####.#
###.[...........# ...
.P#.............# ....
P8#...............# .)##
###.....#...<.###$..#..#
....########### ##...


There were no monsters in sight!

Vanquished Creatures
  Ijyb (D:3)
  A worker ant (D:3)
  A hound skeleton (D:3)
  4 gnolls (D:3)
  3 adders (D:2)
  A worm (D:2)
  4 dart slugs (D:1)
  A leopard gecko (D:1)
  6 bats
  2 giant cockroaches (D:1)
  11 goblins
  4 hobgoblins
  A jackal (D:1)
  7 kobolds
  A quokka (D:2)
  A ball python (D:2)
  4 frilled lizards
  8 rats
61 creatures vanquished.

Notes
Turn   | Place    | Note
-------+----------+-------------------------------------------
     0 | D:1      | Fang the Gargoyle Berserker began the quest for the Orb.
     0 | D:1      | Reached XP level 1. HP: 14/14 MP: 1/1
    26 | D:1      | Reached XP level 2. HP: 19/19 MP: 2/2
   429 | D:1      | Reached XP level 3. HP: 20/24 MP: 3/3
   476 | D:1      | Reached ** piety under Trog
  1100 | D:2      | Reached XP level 4. HP: 25/29 MP: 4/4
  1747 | D:3      | Found a transporter.
  1765 | D:3      | Noticed Ijyb
  1766 | D:3      | Found a transporter.
  1780 | D:3      | Killed Ijyb
  1780 | D:3      | Reached XP level 5. HP: 33/33 MP: 5/5
  2015 | D:3      | Reached skill level 1 in Stealth
  2018 | D:3      | Noticed Sigmund
  2048 | D:3      | Slain by Sigmund

Skill      XL: |  1  2  3  4  5 |
---------------+----------------+-----
Axes           | 3 4 |  4.1
Fighting       | 4 |  4.5
Dodging        | 2 |  2.6
Stealth        | 1 |  1.0
Armour         | |  2.3

Action                   |  1- 3 |  4- 6 || total
-------------------------+-------+-------++-------
Melee: Hand axe          |   119 |    92 ||   211
Invok: Berserk           |     1 |     2 ||     3
  Eat: Chunk             |     2 |     4 ||     6
Armor: Animal skin       |    56 |    38 ||    94
Dodge: Dodged            |   106 |    51 ||   157
